 Dungeon Crawl Stone Soup version 0.31.0-12-g77e489cdc1 (webtiles) character file.

Game seed: 6300416734056473526

31 Silvore the Trooper (level 3, -1/29 HPs)
             Began as a Demonspawn Fighter on Feb 12, 2024.
             Slain by a gnoll
             ... wielding a +0 halberd
              (4 damage)
             ... on level 2 of the Dungeon.
             The game lasted 00:01:16 (1111 turns).

Silvore the Trooper (Demonspawn Fighter)            Turns: 1111, Time: 00:01:16

Health: -1/29      AC:  8    Str: 18    XL:     3   Next: 7%
Magic:  3/3        EV:  9    Int:  8    God:
Gold:   64         SH:  5    Dex: 14    Spells: 2/2 levels left

rFire   . . .        a - +1 long sword
rCold   . . .        c - +0 buckler
rNeg    . . .        b - +0 scale mail
rPois   .            e - +1 hat
rElec   .            (no cloak)
rCorr   .            g - +0 pair of gloves
SInv    .            (no boots)
Will    .....        (no amulet)
Stlth   +            (no ring)
HPRegen 0.24/turn    (no ring)
MPRegen 0.08/turn

%: no passive effects
@: mighty
A: thin skeletal structure 1
a: no special abilities


You were on level 2 of the Dungeon.
You visited 1 branch of the dungeon, and saw 2 of its levels.

You collected 64 gold pieces.

Inventory:

Hand Weapons
 a - a +1 long sword (weapon)
Armour
 b - a +0 scale mail (worn)
 c - a +0 buckler (worn)
 e - a +1 hat (worn)
 g - a +0 pair of gloves (worn)
Jewellery
 f - a ring of protection from fire
Scrolls
 j - a scroll of identify
Potions
 h - a potion of mutation


   Skills:
 + Level 3.6 Fighting
 + Level 2.0 Long Blades
 + Level 3.0 Armour
 + Level 3.0 Shields


You had 2 spell levels left.
You didn't know any spells.
Your spell library was empty.

Dungeon Overview and Level Annotations

Branches:
Dungeon (2/15)

Altars:


Innate Abilities, Weirdness & Mutations

You have a somewhat thin skeletal structure. (Dex +2, Stealth+)


Message History

The gnoll shouts!
You hear a shout!
A gnoll comes into view. It is wielding a +0 spear.
The giant cockroach waves its antennae.
A gnoll comes into view. It is wielding a +0 spear.
The gnoll moves out of view.
You closely miss the giant cockroach.
The gnoll shouts!
The giant cockroach closely misses you.
A gnoll comes into view. It is wielding a +0 halberd.
Found a stone staircase leading down.
The giant cockroach bites you but does no damage.
The gnoll closely misses you.
The giant cockroach bites you but does no damage.
The giant cockroach closely misses you.
A rat comes into view.
The rat squeaks loudly.
The gnoll shouts!
You hit the gnoll.
The gnoll is moderately wounded.
The gnoll hits you with a +0 club.
You hit the gnoll.
The gnoll is severely wounded.
The gnoll hits you with a +0 club. The gnoll closely misses you.
You closely miss the gnoll.
The gnoll is severely wounded.
The gnoll hits you with a +0 club.
You slash the gnoll!
You kill the gnoll!
The giant cockroach bites you but does no damage.
You have reached level 3!
Your experience leads to an increase in your attributes!
Increase (S)trength, (I)ntelligence, or (D)exterity?
You feel stronger. x2
You feel very mighty all of a sudden. You block the giant cockroach's attack.
The gnoll hits you from afar with a +0 halberd!
* * * LOW HITPOINT WARNING * * *
You slash the giant cockroach!
You kill the giant cockroach!
The gnoll hits you from afar with a +0 halberd.
You die...

#.#.## #.#...##
.###.## #......##
##
##.########..g....
# ##.......# .....
## ##.######.#.#>g.
.###)## #.#.##g#
#.#.## #....gr#
##.## #.###)## #<#
###.###@.# #.#
#.....#.##
##.#######.......#
...............#.#
########.......#..+
# .............## #
####.#####....# #
#.# ###### # #.#


You could see 3 gnolls and a rat.

Vanquished Creatures
  A gnoll (D:2)
  2 dart slugs (D:1)
  An endoplasm (D:2)
  A giant cockroach (D:2)
  A kobold (D:1)
  3 quokkas
  3 ball pythons (D:1)
  A bat (D:1)
  2 frilled lizards (D:1)
  A goblin (D:1)
  3 rats (D:1)
19 creatures vanquished.

Notes
Turn   | Place    | Note
-------+----------+-------------------------------------------
     0 | D:1      | Silvore the Demonspawn Fighter began the quest for the Orb.
     0 | D:1      | Reached XP level 1. HP: 18/18 MP: 1/1
   271 | D:1      | Gained mutation: You have a somewhat thin skeletal
                  | structure. (Dex +2, Stealth+) [demonic ancestry]
   271 | D:1      | Reached XP level 2. HP: 24/24 MP: 2/2
  1110 | D:2      | Reached XP level 3. HP: 12/29 MP: 3/3
  1111 | D:2      | Slain by a gnoll

Illustrated notes

Levels and vault maps discovered:
D:1:      moated_graveyard_arrival, layout_basic, serial_corexii_hall,
          chequers_hall_statues_corner_a, corexii_hall_statues_u
D:2:      layout_loops_ring, shapermc_ecumenical_altar_starsandcircs,
          st_stairs_3, grunt_ministairs_5

Skill      XL: |  1  2 |
---------------+-------+-----
Long Blades    | 2 |  2.0
Armour         | 3 |  3.0
Shields        | 3 |  3.0
Fighting       | |  3.6

Action                     || total
---------------------------++-------
  Melee: Long sword        ||    46
    Use: Scroll            ||     4
         Potion            ||     1
 Armour: Scale mail        ||    32
  Dodge: Dodged            ||    25
  Block: Buckler           ||    12
